 Dungeon Crawl Stone Soup version 0.29.1-1-gd02db6906a (webtiles) character file.

Game seed: 1508024904648458166

147 themarg the Caller (level 5, -1/35 HPs)
             Began as a Merfolk Summoner on Sept 19, 2022.
             Slain by an orc wizard
             ... wielding a +0 dagger
              (3 damage)
             ... on level 4 of the Dungeon.
             The game lasted 00:14:16 (3153 turns).

themarg the Caller (Merfolk Summoner)               Turns: 3153, Time: 00:14:17

Health: -1/35      AC:  5    Str:  8    XL:     5   Next: 29%
Magic:  5/10       EV: 12    Int: 17    God:
Gold:   121        SH:  0    Dex: 14    Spells: 7/11 levels left

rFire   . . .      SeeInvis .   g - +0 dagger
rCold   . . .      Faith    .   (no shield)
rNeg    . . .      Spirit   .   a - +0 robe
rPois   .          Reflect  .   y - +0 helmet
rElec   .          Harm     .   u - +0 cloak
rCorr   .          Rampage  .   (no gloves)
Will    .....                   d - +0 pair of boots
Stlth   ++........              (no amulet)
HPRegen 0.11/turn               x - ring of flight
MPRegen 0.12/turn               (no ring)

@: flying
A: (nimble swimmer 2), mertail
a: no special abilities


You were on level 4 of the Dungeon.
You visited 1 branch of the dungeon, and saw 4 of its levels.

You collected 121 gold pieces.

Inventory:

Hand Weapons
 g - a +0 dagger (weapon)
 z - a +0 spear
Missiles
 v - 4 poisoned darts
Armour
 a - a +0 robe (worn)
 d - a +0 pair of boots (worn)
 u - a +0 cloak (worn)
 y - a +0 helmet (worn)
Jewellery
 x - a ring of flight (left hand)
Scrolls
 f - 3 scrolls of teleportation {unknown}
 h - 2 scrolls of butterflies {unknown}
 i - 3 scrolls of identify {unknown}
 j - 2 scrolls of brand weapon {unknown}
 k - a scroll of summoning {unknown}
 m - 3 scrolls of immolation {unknown}
 n - 2 scrolls of enchant armour {unknown}
 o - a scroll of amnesia {unknown}
 q - a scroll of vulnerability {unknown}
 t - a scroll of fear {unknown}
 w - 2 scrolls of blinking {unknown}
Potions
 b - a potion of magic
 c - a potion of curing
 e - a potion of flight {unknown}
 l - 2 potions of might {unknown}
 p - 2 potions of heal wounds {unknown}
 r - a potion of lignification {unknown}
 s - 2 potions of brilliance {unknown}


   Skills:
 - Level 2.7 Dodging
 - Level 2.2 Stealth
 + Level 3.7 Spellcasting
 + Level 5.3 Summonings


You had 7 spell levels left.
You knew the following spells:

 Your Spells              Type           Power      Damage    Failure   Level
a - Summon Small Mammal   Summ           84%        N/A       1%          1
b - Call Canine Familiar  Summ           21%        N/A       5%          3

Your spell library contained the following spells:

 Spells                   Type           Power      Damage    Failure   Level
 Call Imp                 Summ           21%        N/A       2%          2
 Apportation              Tloc           6%         N/A       16%         1
 Necrotise                Necr           12%        1d4       16%         1
 Summon Guardian Golem    Hex/Summ       12%        N/A       16%         3
 Summon Lightning Spire   Summ/Air       12%        N/A       47%         4


Dungeon Overview and Level Annotations

Branches:
Dungeon (4/15)
 Temple: D:4-7

Altars:
Cheibriados
Wu Jian

Annotations:
D:4 Ijyb


Innate Abilities, Weirdness & Mutations

((You are very nimble when in or above water. (Stealth+, EV+, Speed+++)))
Your lower body shifts to a powerful aquatic tail in water.


Message History

You pick up a book of Cantrips and begin reading...
You add the spells Necrotise and Apportation to your library.
You swap places.
You swap places.
Your hound disappears in a puff of smoke!
You swap places.
Your quokka bites the orc.
The orc hits your quokka with a +0 hand axe.
Your quokka dies!
Your quokka's corpse disappears in a puff of smoke!
You swap places.
Your rat bites the orc.
Casting: Call Canine Familiar (dangerous; 5% risk of failure)
Confirm with . or Enter, or press ? or * to list all spells.
The orc hits your rat with a +0 hand axe.
Your rat barely misses the orc.
The orc closely misses your rat.
Your rat bites the orc.
Your hound bites the orc.
The orc dies!
You start resting.
An orc wizard comes into view. It is wielding a +0 dagger.
An orc wizard is nearby!
Your rat disappears in a puff of smoke!
Ijyb the Twisted Goblin comes into view.
She is wielding a +5 club and carrying a wand of iceblast (8).
The orc wizard casts a spell at you. The magic dart hits you.
Things that are here:
a +0 hand axe; an orc corpse Ijyb shouts!
Your hound barely misses the orc wizard.
The orc wizard barely misses your hound.
Your hound misses the orc wizard.
The orc wizard gestures wildly while chanting.
The orc wizard flickers and vanishes!
Deactivating autopickup; reactivate with Ctrl-A.
Your hound closely misses something.
Your hound bites something.
Ijyb zaps a wand.
The mass of ice explodes!
The iceblast engulfs you!!
Ouch! That really hurt!
* * * LOW HITPOINT WARNING * * *
Something hits you.
You die...

############ #..........#
#.########.# ###########
##..........# #.........#
####...#######†####.#######.#
............)...@....#######.####
#####...##.)..h>g.<..#.....[.....
##.###..##................##.
#.###..###o###.##.####......
#......###.###.##.# .......
#..............##.# #.##.#..
#..##...##.###....# .. .##. #..
##.###.# #.##..... .. . #. ...
.<# #.#####.. .##


You could see Ijyb, an orc and a friendly hound (summoned).

Vanquished Creatures
  2 adders
  A dart slug (D:2)
  4 ball pythons (D:2)
  An endoplasm (D:2)
  2 giant cockroaches
  2 goblins
  2 hobgoblins
  A kobold (D:2)
  A frilled lizard (D:1)
16 creatures vanquished.

Vanquished Creatures (collateral kills)
  A howler monkey (D:4)
  An adder (D:2)
  4 dart slugs
  2 orcs (D:4)
  5 bats
  2 endoplasms
  3 giant cockroaches (D:2)
  2 hobgoblins
  6 jackals (D:3)
  A quokka (D:3)
  4 ball pythons
  7 frilled lizards
  4 goblins
  5 kobolds
  4 rats
51 creatures vanquished.

Grand Total: 67 creatures vanquished

Notes
Turn   | Place    | Note
-------+----------+-------------------------------------------
     0 | D:1      | themarg the Merfolk Summoner began the quest for the Orb.
     0 | D:1      | Reached XP level 1. HP: 13/13 MP: 3/3
   445 | D:1      | Reached XP level 2. HP: 18/19 MP: 1/5
   885 | D:2      | Reached XP level 3. HP: 21/24 MP: 1/6
  1217 | D:2      | Found a faded altar of an unknown god.
  1335 | D:2      | Reached XP level 4. HP: 9/30 MP: 6/8
  2065 | D:2      | Found a snail-covered altar of Cheibriados.
  2702 | D:3      | Found an ornate altar of the Wu Jian Council.
  2775 | D:3      | Reached skill level 5 in Summonings
  3028 | D:4      | Learned a level 3 spell: Call Canine Familiar
  3130 | D:4      | Reached XP level 5. HP: 20/35 MP: 5/10
  3149 | D:4      | Noticed Ijyb
  3153 | D:4      | Slain by an orc wizard

Illustrated notes

Levels and vault maps discovered:
D:1:      matt_arrival_diagonals, layout_rooms
D:2:      layout_basic, basic_altar, nicolae_ecumenical_snake_handling
D:3:      layout_loops_cross, lemuel_doored_altar
D:4:      layout_loops_ring, uniq_ijyb

Skill      XL: |  1  2  3  4 |
---------------+-------------+-----
Spellcasting   | 3 |  3.7
Summonings     | 5 |  5.3
Dodging        | |  2.7
Stealth        | |  2.2

Action                   |  1- 3 |  4- 6 || total
-------------------------+-------+-------++-------
Melee: Dagger            |    54 |    48 ||   102
       Punch             |     1 |       ||     1
 Cast: Summon Small Mamm |    41 |    43 ||    84
       Call Canine Famil |       |     2 ||     2
  Use: Potion            |     1 |     1 ||     2
 Stab: Distracted        |     1 |       ||     1
Armor: Robe              |    15 |     6 ||    21
Dodge: Dodged            |    37 |    29 ||    66
